 Dungeon Crawl Stone Soup version 0.30-a0-800-g7c544603b3 (webtiles) character file.

Game seed: 12443379120668526553

158 Pimp the Conjurer (level 5, -10/32 HPs)
             Began as a Tengu Reaver on Feb 21, 2023.
             Mangled by an ogre
             ... wielding a +0 giant club
              (19 damage)
             ... on level 5 of the Dungeon.
             The game lasted 00:04:16 (2184 turns).

Pimp the Conjurer (Tengu Reaver)                    Turns: 2184, Time: 00:04:16

Health: -10/32     AC: 11    Str: 14    XL:     5   Next: 40%
Magic:  10/10      EV: 11    Int: 14    God:
Gold:   149        SH:  0    Dex: 12    Spells: 8/9 levels left

rFire   . . .      SeeInvis .    a - +0 spear (freeze)
rCold   . . .      Faith    .    (no shield)
rNeg    . . .      Spirit   .    p - +5 scale mail
rPois   .          Reflect  .    (helmet restricted)
rElec   .          Harm     .    (no cloak)
rCorr   .          Rampage  .    (no gloves)
Will    .....                    (boots unavailable) Stlth
                                 (no amulet)
HPRegen 0.25/turn                (no ring)
MPRegen 0.12/turn                (no ring)

@: flying quickly and evasively, quick
A: beak, talons 3, nimble flight
a: no special abilities


You were on level 5 of the Dungeon.
You visited 1 branch of the dungeon, and saw 5 of its levels.

You collected 149 gold pieces.

Inventory:

Hand Weapons
 a - a +0 spear of freezing (weapon)
 h - a +0 long sword
Armour
 b - a +0 leather armour
 f - a +2 helmet
 p - a +5 scale mail (worn)
Potions
 d - a potion of degeneration {unknown}
 e - a potion of magic {unknown}
 g - a potion of heal wounds
 j - 3 potions of attraction {unknown}
 k - a potion of haste {unknown}
 l - 2 potions of curing {unknown}


   Skills:
 + Level 2.8 Fighting
 + Level 4.0 Polearms
 + Level 1.2 Armour
 + Level 3.2 Dodging
 + Level 2.7 Spellcasting
 + Level 4.9 Conjurations


You had 8 spell levels left.
You knew the following spells:

 Your Spells              Type           Power      Damage    Failure   Level
a - Kiss of Death         Conj/Necr      32%        2d7       34%         1

Your spell library contained the following spells:

 Spells                   Type           Power      Damage    Failure   Level
 Momentum Strike          Conj/Tloc      16%        3d8       45%         2
 Hailstorm                Conj/Ice       8%         3d4       71%         3


Dungeon Overview and Level Annotations

Branches:
Dungeon (5/15)
 Temple: D:4-7

Altars:


Innate Abilities, Weirdness & Mutations

You have a beak for a mouth.
You have claws for feet.
Your magical nature lets you fly swiftly and evasively.


Message History

HP restored.
l - 2 inky potions (gained 1)
You now have 149 gold pieces (gained 21).
Found an escape hatch in the floor.
An ogre comes into view. It is wielding a +0 giant club.
The ogre shouts!
There is an escape hatch in the floor here.
Casting: Kiss of Death (safe; 34% risk of failure)
Confirm with . or Enter, or press ? or * to list all spells.
Okay, then.
Okay, then.
As you read the scroll of identify, it crumbles to dust.
g - a potion of heal wounds An adder comes into view.
There is an escape hatch in the floor here.
Something stings the plant!
The plant begins to die.
Reach: a) +0 spear (freeze)
Press: ? - help, Dir - move target, f - ogre
Aim: an ogre, wielding a +0 giant club (about 23% to evade your +0 spear of freezing)
You reach to attack!
You barely miss the ogre. You hit the ogre but do no damage.
A nearby plant withers and dies.
A scorpion comes into view.
The ogre hits you with a +0 giant club.
You hit the ogre but do no damage. Your peck misses the ogre.
The ogre hits you with a +0 giant club!
You hit the ogre. You freeze the ogre.
The ogre is lightly wounded.
You barely miss the ogre. You claw the ogre. You peck the ogre.
The ogre is heavily wounded.
The ogre hits you with a +0 giant club!
* * * LOW HITPOINT WARNING * * *
You hit the ogre but do no damage.
The ogre is heavily wounded.
A scorpion comes into view.
You hit the ogre. You freeze the ogre. You claw the ogre, but do no damage.
You peck the ogre.
The ogre is almost dead.
The ogre hits you with a +0 giant club!!
Ouch! That really hurt!
You die...

.P #~~~ #+#
##P~~~ #.#
####...~~≈ #.#
#....#.~.
###.###....s.~
#####....##s..#
.....#...@OS..#
#....####..#
###.## #...!
#.# ##..P. #.#
### #.# #.# #.#
#.#


You could see an ogre, 2 scorpions and an adder.

Vanquished Creatures
  An ice beast (D:5)
  An adder (D:2)
  An ufetubus (D:5)
  A worm (D:3)
  A dart slug (D:1)
  An orc (D:3)
  2 ball pythons
  4 bats
  4 endoplasms
  A giant cockroach (D:1)
  3 goblins
  7 hobgoblins
  5 quokkas
  3 frilled lizards
  6 kobolds
  5 rats
46 creatures vanquished.

Vanquished Creatures (others)
  A plant (D:5)
1 creature vanquished.

Grand Total: 47 creatures vanquished

Notes
Turn   | Place    | Note
-------+----------+-------------------------------------------
     0 | D:1      | Pimp the Tengu Reaver began the quest for the Orb.
     0 | D:1      | Reached XP level 1. HP: 12/12 MP: 4/4
   146 | D:1      | Reached XP level 2. HP: 12/17 MP: 6/6
   631 | D:1      | Reached XP level 3. HP: 21/21 MP: 7/7
  1287 | D:3      | Identified the +1 leather armour "Byxeje" {rC- Will+
                  | Slay+2}
  1535 | D:3      | Reached XP level 4. HP: 25/27 MP: 8/8
  1870 | D:4      | Noticed an ogre
  1903 | D:5      | Entered Level 5 of the Dungeon
  2038 | D:5      | Noticed an ice beast
  2051 | D:5      | Killed an ice beast
  2052 | D:5      | Reached skill level 1 in Armour
  2052 | D:5      | Gained mutation: Your magical nature lets you fly swiftly
                  | and evasively. [Tengu growth]
  2052 | D:5      | Reached XP level 5. HP: 20/32 MP: 8/10
  2170 | D:5      | Noticed an ogre
  2184 | D:5      | Mangled by an ogre

Illustrated notes

Levels and vault maps discovered:
D:1:      tarquinn_simple_flora_water_f, layout_basic
D:2:      layout_basic, basic_ecumenical_altar, basic_altar
D:3:      layout_loops_ring
D:4:      layout_basic, minmay_temple_entry_overgrown, minmay_ogre_servants
D:5:      layout_loops_corners, serial_glass, glass_columns_a, glass_columns_b,
          glass_columns_c, minmay_strange_pillars, serial_bayou_pond_b

Skill      XL: |  1  2  3  4 |
---------------+-------------+-----
Polearms       | 4 |  4.0
Armour         | 1 |  1.2
Dodging        | 3 |  3.2
Fighting       | |  2.8
Spellcasting   | |  2.7
Conjurations   | |  4.9

Action                     |  1- 3 |  4- 6 || total
---------------------------+-------+-------++-------
  Melee: Spear             |    84 |    45 ||   129
         Kick              |    19 |    10 ||    29
         Peck              |    11 |     7 ||    18
    Use: Scroll            |       |     6 ||     6
   Stab: Sleeping          |     1 |       ||     1
 Armour: Leather armour    |    13 |     1 ||    14
         Scale mail        |       |    20 ||    20
  Dodge: Dodged            |    49 |    22 ||    71

Table legend: (Time is in decaauts)
 A = Elapsed time spent in this place.
 B = Non-inter-level travel time spent in this place.
 C = Inter-level travel time spent in this place.
 D = Time resting spent in this place.
 E = Time spent auto-exploring this place.
 F = Levels seen in this place.
 G = Mean time per level.
                   A        B        C        D        E       F      G
               +--------+--------+--------+--------+--------+-----+--------+
         Total |   2164 |   2017 |    147 |    114 |   1489 |   5 |  432.8 |
       Dungeon |   2164 |   2017 |    147 |    114 |   1489 |   5 |  432.8 |
               +--------+--------+--------+--------+--------+-----+--------+

Top non-repeatable levels by time:
     D:1: 746 daAuts
     D:3: 649 daAuts
     D:2: 412 daAuts
     D:5: 270 daAuts
     D:4: 85 daAuts
